 Dungeon Crawl Stone Soup version 0.26-b1-32-g5d43845318 (webtiles) character file.

Game seed: 11861573981872763380

65 Borgoz the Ducker (level 4, -1/38 HPs)
             Began as a Ghoul Gladiator on Jan 13, 2021.
             Slain by a hobgoblin
             ... wielding a +0 club
             ... led by Robin
              (5 damage)
             ... on level 2 of the Dungeon.
             The game lasted 00:01:04 (1316 turns).

Borgoz the Ducker (Ghoul Gladiator)                 Turns: 1316, Time: 00:01:04

Health: -1/38      AC:  4    Str: 17    XL:     4   Next: 13%
Magic:  3/3        EV: 12    Int:  3    God:
Gold:   45         SH:  0    Dex: 11    Spells: 3/3 levels left

rFire    . . .     SeeInvis .   a - +0 flail
rCold    + . .     Faith    .   (no shield)
rNeg     + + +     Spirit   .   b - +0 leather armour
rPois    ∞         Reflect  .   c - +0 helmet
rElec    .         Harm     .   (no cloak)
rCorr    .         Rampage  .   (no gloves)
Will     .....                  (no boots)
Stlth    +.........             (no amulet)
HPRegen  0.00/turn              (no ring)
MPRegen  0.08/turn              (no ring)

@: hasted, very quick
A: claws 1, cold resistance 1, negative energy resistance 3, inhibited
regeneration, torment resistance, unbreathing
a: no special abilities


You were on level 2 of the Dungeon.
You visited 1 branch of the dungeon, and saw 2 of its levels.

You collected 45 gold pieces.

Inventory:

Hand Weapons
 a - a +0 flail (weapon)
Missiles
 d - 3 throwing nets (quivered)
Armour
 b - a +0 leather armour (worn)
 c - a +0 helmet (worn)
Scrolls
 f - 2 scrolls of remove curse {unknown}
 h - a scroll of blinking {unknown}
 i - a scroll of fog {unknown}
 l - a scroll of identify {unknown}
Potions
 e - a potion of haste
 g - a potion of degeneration {unknown}
 j - a potion of mutation {unknown}
 k - a potion of heal wounds {unknown}
 m - a potion of berserk rage {unknown}


   Skills:
 + Level 3.0 Fighting
 + Level 3.2 Maces & Flails
 - Level 1.7 Throwing
 + Level 1.4 Armour
 + Level 3.2 Dodging


You had 3 spell levels left.
You didn't know any spells.
Your spell library was empty.

Dungeon Overview and Level Annotations

Branches:
Dungeon (2/15)

Altars:


Innate Abilities, Weirdness & Mutations

You thrive by killing the living.
You are immune to poison.
You have sharp fingernails.
Your flesh is cold resistant. (rC+)
You are immune to negative energy. (rN+++)
You do not regenerate when monsters are visible.
You are immune to unholy pain and torment.
You can survive without breathing.


Message History

You are too injured to fight recklessly!
You are too injured to fight recklessly!
Okay, then.
You hit Robin.
Robin is almost dead.
Robin hits you but does no damage.
A goblin comes into view. It is wielding a -1 club.
You hit Robin.
You kill Robin!
Your Fighting skill increases to level 3!
You have reached level 4!
You closely miss the hobgoblin. The hobgoblin closely misses you.
You closely miss the hobgoblin. The hobgoblin hits you with a +0 club.
* * * LOW HITPOINT WARNING * * *
You closely miss the hobgoblin. The hobgoblin hits you with a +0 club.
* * * LOW HITPOINT WARNING * * *
The hobgoblin hits you but does no damage.
It was a potion of haste.
You feel yourself speed up.
You hit the hobgoblin but do no damage. The hobgoblin hits you with a +0 club.
You die...

# .# #.# #.# #.# #.# #g# #.#
##)# #.# #g## . #.# ##@## .#
#.# #..# .# ##.## #)#.#.#
##...## #.##.#####
##.#.#.###.>......#
#.####.##.##.##.##.###<#####
#..).......................#
######.##.##....##.###...#.#
##.#.#.#.#.##.##......#


You could see a hobgoblin (strong).

Vanquished Creatures
  Robin (D:2)
  An adder (D:2)
  A dart slug (D:1)
  A leopard gecko (D:1)
  3 giant cockroaches
  6 goblins
  7 hobgoblins
  3 jackals (D:2)
  4 bats (D:1)
  A frilled lizard (D:1)
  6 kobolds (D:1)
  5 rats (D:1)
39 creatures vanquished.

Notes
Turn   | Place    | Note
-------+----------+-------------------------------------------
     0 | D:1      | Borgoz the Ghoul Gladiator began the quest for the Orb.
     0 | D:1      | Reached XP level 1. HP: 17/17 MP: 0/0
    25 | D:1      | Reached XP level 2. HP: 22/25 MP: 1/1
   426 | D:1      | Reached XP level 3. HP: 28/30 MP: 2/2
   873 | D:1      | Reached skill level 1 in Armour
  1303 | D:2      | Noticed Robin
  1310 | D:2      | Killed Robin
  1311 | D:2      | Reached XP level 4. HP: 12/38 MP: 3/3
  1316 | D:2      | Slain by a hobgoblin

Illustrated notes

Levels and vault maps discovered:
D:1:      ebering_hopf_link, layout_rooms, st_stairs_4
D:2:      layout_loops_ring, lemuel_coloured_pillars_altar,
          hangedman_abyss_or_decor_stabs, trog_three_pillars_becter, uniq_robin,
          uniq_terence

Skill      XL: |  1  2  3 |
---------------+----------+-----
Maces & Flails | 3 |  3.2
Dodging        | 3 |  3.2
Armour         | 1 |  1.4
Fighting       | 3 |  3.0
Throwing       | |  1.7

Action                   |  1- 3 |  4- 6 || total
-------------------------+-------+-------++-------
Melee: Flail             |   125 |     4 ||   129
  Use: Potion            |       |     1 ||     1
Armor: Leather armour    |    66 |       ||    66
Dodge: Dodged            |   149 |     1 ||   150
